 Dungeon Crawl Stone Soup version 0.28-a0-1080-g05a166d0ed (webtiles) character file.

Game seed: 1614258541017577951

123407 ALWAYSlose the Warrior (level 16, -12/139 (148) HPs)
             Began as a Demonspawn Berserker on Dec 10, 2021.
             Was a High Priest of Trog.
             Mangled by ALWAYSlose's illusion (illusionary) (24 damage)
             ... woven by Mara
             ... on level 4 of the Swamp.
             The game lasted 00:46:11 (26673 turns).

ALWAYSlose the Warrior (Demonspawn Berserker)      Turns: 26673, Time: 00:46:11

HP:   -12/139 (148) AC: 37    Str: 26    XL:     16   Next: 36%
MP:   16/16         EV: 17    Int: 16    God:    Trog [*****.]
Gold: 1765          SH:  0    Dex: 25    Spells: 15/15 levels left

rFire   + + .      SeeInvis .   I - +7 eveningstar (flame)
rCold   + . .      Faith    .   (no shield)
rNeg    + + .      Spirit   .   R - +8 plate armour of the Kettle-Drum {rC+ Dex+3 Slay+2 Stlth-}
rPois   .          Reflect  .   O - +2 helmet {Int+3}
rElec   .          Harm     .   u - +1 cloak {Will+}
rCorr   .          Rampage  .   (gloves unavailable)
Will    +....                   y - +2 pair of boots
Stlth   ..........              T - amulet of Twilight {Acrobat +Inv Str+2 Int+4}
HPRegen 3.33/turn               E - +4 ring of protection
MPRegen 0.15/turn               X - ring "Jeapauph" {rF++ rN++ Dex+6 Stlth+}

@: lethally poisoned (-12 -> -15), weak-willed, on berserk cooldown, slowed,
studying 3 skills, drained, invisible, very slow
A: foul stench 2, powered by death 2, augmentation 1, sturdy frame 1, demonic
touch 3, strong 1
a: Renounce Religion, Evoke Invisibility, Berserk, Trog's Hand, Brothers in Arms


You were on level 4 of the Swamp.
You worshipped Trog.
Trog was extremely pleased with you.
You visited 3 branches of the dungeon, and saw 22 of its levels.
You visited the Abyss 1 time.
You also visited: Gauntlet.

You collected 2267 gold pieces.
You spent 502 gold pieces at shops.

Inventory:

Hand Weapons
 I - a +7 eveningstar of flaming (weapon)
 S - the +7 mace of Variability {chain chaos}
   (You found it on level 6 of the Lair of Beasts)

   Each time it hits an enemy it has a different, random effect.
   It occasionally unleashes arcs of chaos on nearby creatures upon striking a
   foe.
Missiles
 l - 2 curare-tipped darts (quivered)
 m - a throwing net
 r - 112 poisoned darts
Armour
 u - a +1 cloak of willpower (worn)
 y - a +2 pair of boots (worn)
 O - a +2 helmet of intelligence (worn)
 R - the +8 plate armour of the Kettle-Drum (worn) {rC+ Dex+3 Slay+2 Stlth-}
   (You found it on level 10 of the Dungeon)

   Dex:       It affects your dexterity (+3).
   Slay:      It affects your accuracy & damage with ranged weapons and melee
   (+2).
   rC:        It protects you from cold.
   Stlth:     It makes you less stealthy.
Jewellery
 x - a ring of poison resistance
 E - a +4 ring of protection (left hand)
 T - the amulet of Twilight (around neck) {Acrobat +Inv Str+2 Int+4}
   (You found it on level 6 of the Lair of Beasts)

   [amulet of the acrobat]

   It increases your evasion while moving and waiting.
   Str:       It affects your strength (+2).
   Int:       It affects your intelligence (+4).
   +Inv:      It lets you turn invisible.
 X - the ring "Jeapauph" (right hand) {rF++ rN++ Dex+6 Stlth+}
   (You found it on level 2 of the Swamp)

   [ring of dexterity]

   Dex:       It affects your dexterity (+6).
   rF:        It greatly protects you from fire.
   rN:        It greatly protects you from negative energy.
   Stlth:     It makes you more stealthy.
Wands
 o - a wand of flame (73)
 G - a wand of iceblast (30)
 J - a wand of polymorph (9)
 K - a wand of charming (15)
 M - a wand of acid (7)
 N - a wand of digging (22)
 P - a wand of paralysis (13)
 Z - a wand of mindburst (4)
Scrolls
 b - 2 scrolls of fog
 c - 13 scrolls of teleportation
 d - 3 scrolls of vulnerability
 f - 4 scrolls of summoning
 q - 6 scrolls of immolation
 s - 3 scrolls of blinking
 t - 3 scrolls of identify
 C - 2 scrolls of magic mapping
 D - 4 scrolls of silence
 H - a scroll of fear
 Y - 2 scrolls of holy word
Potions
 a - a potion of berserk rage
 g - 3 potions of invisibility
 h - a potion of brilliance
 i - a potion of haste
 k - 11 potions of curing
 z - 4 potions of attraction
 A - a potion of lignification
 B - 2 potions of resistance
 F - 6 potions of flight
 L - a potion of magic
 V - a potion of might
 W - a potion of heal wounds
Miscellaneous
 j - a condenser vane
 p - a box of beasts
 v - a phial of floods
 w - a tin of tremorstones (2/2)
 Q - a lightning rod (4/4)
 U - a box of beasts


   Skills:
 - Level 20.0 Fighting
 - Level 3.2 Long Blades
 + Level 13.3 Maces & Flails
 - Level 12.0 Armour
 - Level 12.0 Dodging
 - Level 6.0 Evocations


You had 15 spell levels left.
You didn't know any spells.
Your spell library contained the following spells:

 Spells                   Type           Power      Damage    Failure   Level
 Animate Skeleton         Necr           0%         N/A       80%         1
 Apportation              Tloc           0%         N/A       80%         1
 Sting                    Tmut/Pois      0%         1d3       80%         1
 Summon Small Mammal      Summ           0%         N/A       80%         1
 Blink                    Tloc           0%         N/A       90%         2
 Ensorcelled Hibernation  Hex/Ice        0%         N/A       90%         2
 Passwall                 Tmut/Erth      0%         N/A       90%         2
 Poisonous Vapours        Pois/Air       0%         N/A       90%         2
 Call Canine Familiar     Summ           0%         N/A       99%         3
 Dazzling Flash           Conj/Hex       0%         N/A       99%         3
 Lesser Beckoning         Tloc           0%         N/A       99%         3
 Ozocubu's Armour         Ice            0%         N/A       99%         3
 Portal Projectile        Hex/Tloc       0%         N/A       99%         3
 Tukima's Dance           Hex            0%         N/A       99%         3
 Leda's Liquefaction      Hex/Erth       0%         N/A       100%        4
 Olgreb's Toxic Radiance  Pois           0%         N/A       100%        4
 Agony                    Necr           0%         N/A       100%        5
 Blade Hands              Tmut           0%         N/A       100%        5
 Excruciating Wounds      Necr           0%         N/A       100%        5
 Lee's Rapid Deconstruct  Erth           0%         3d5*      100%        5
 Manifold Assault         Tloc           0%         N/A       100%        5
 Silence                  Hex/Air        0%         N/A       100%        5
 Summon Forest            Summ/Tloc      0%         N/A       100%        5
 Summon Mana Viper        Hex/Summ       0%         N/A       100%        5
 Dispersal                Tloc           0%         N/A       100%        6
 Statue Form              Tmut/Erth      0%         N/A       100%        6
 Summon Cactus Giant      Summ           0%         N/A       100%        6
 Ozocubu's Refrigeration  Ice            0%         4d5       100%        7


Dungeon Overview and Level Annotations

Branches:
Dungeon (12/15)            Temple (0/1) D:4            Lair (6/6) D:10
  Swamp (4/4) Lair:3       Spider (0/4) Lair:3        Slime (0/5) Lair:6
    Orc (0/2) D:11        Gauntlet (visited)

Altars:
Cheibriados
Dithmenos
Elyvilon
Fedhas
Gozag
Kikubaaqudgha
Ru
Sif Muna
Wu Jian
The Shining One
Jiyva

Shops:
D:4 *   D:5 (   D:8 [   D:10 =

Annotations:
Swamp:4 Mara


Innate Abilities, Weirdness & Mutations

You sometimes emit foul miasma when damaged in melee.
You regenerate health from kills.
Your magical and physical power is slightly enhanced at high health.
Your movements are slightly less encumbered by armour. (ER -2)
Your touch may irresistibly damage your foes and sap their willpower.
Your muscles are strong. (Str +2)


Message History

The spectral eight-headed hydra bites you!
* * * LOW HITPOINT WARNING * * *
You partially resist.
You feel drained.
The spectral eight-headed hydra barely misses you.
The spectral eight-headed hydra misses you.
The spectral eight-headed hydra closely misses you. x2
The phantasmal warrior hits you but does no damage.
Unknown command.
Unknown command.
Unknown command.
Unknown command.
You fade into invisibility!
You feel very sick.
Your ogre misses ALWAYSlose's illusion.
The spectral four-headed hydra barely misses you.
The spectral four-headed hydra misses you.
The spectral four-headed hydra barely misses you.
The spectral four-headed hydra misses you.
The five-headed hydra zombie bites you but does no damage.
The five-headed hydra zombie misses you.
The five-headed hydra zombie bites you.
* * * LOW HITPOINT WARNING * * *
The five-headed hydra zombie bites you but does no damage.
The five-headed hydra zombie closely misses you.
Mara hits you but does no damage.
You are more poisoned.
The phantom hits you but does no damage.
The spectral eight-headed hydra bites you but does no damage.
The spectral eight-headed hydra closely misses you. x2
The spectral eight-headed hydra misses you.
The spectral eight-headed hydra bites you!
* * * LOW HITPOINT WARNING * * *
You partially resist.
You feel drained.
You emit a cloud of foul miasma!
The spectral eight-headed hydra bites you but does no damage.
The spectral eight-headed hydra bites you.
* * * LOW HITPOINT WARNING * * *
The spectral eight-headed hydra bites you but does no damage.
The phantasmal warrior closely misses you.
ALWAYSlose's illusion hits you!!
You die...

♣..♣ ♣♣#♣ ##. #≈
##... ####≈ #.....
###..≈§
###.....####....≈≈
#O....# ##°○...≈≈≈
##W@..####..○○.#≈≈≈
##Z@R# ##...°°○≈##≈≈
##≈ZWZ###....#######≈
#.≈ZZ###≈=.### #≈
#≈≈≈.....≈## ##
##≈≈.....## #
##≈≈.#### ##≈..#
##≈.# ##≈.≈≈....


You could see Mara, a phantasmal warrior, 2 spectral eight-headed hydras, a
spectral five-headed hydra, a spectral four-headed hydra, a phantom,
ALWAYSlose's illusion (slow, ally target), a five-headed hydra zombie and a
friendly ogre (summoned, berserk).

Vanquished Creatures
  Bai Suzhen (Swamp:4)
  A tentacled monstrosity (Abyss:3)
  Mlioglotl (Swamp:4)
  A thorn hunter (Swamp:4)
  3 eleionomae
  A minotaur (Gauntlet)
  4 bunyips
  A shambling mangrove (Swamp:3)
  A green death (Gauntlet)
  Josephine (Lair:6)
  Erolcha (D:10)
  A boulder beetle (Lair:2)
  21 hydras
  A centaur warrior (D:11)
  2 ghost crabs (Swamp:4)
  2 two-headed ogres (D:11)
  A catoblepas (Lair:2)
  5 alligators
  9 death yaks
  Urug (D:10)
  A soul eater (Gauntlet)
  A spriggan (Swamp:2)
  Nergalle (Lair:2)
  A spatial maelstrom (Abyss:4)
  4 skeletal warriors (D:11)
  4 goliath frogs
  A death drake (Swamp:4)
  2 swamp dragons
  7 spriggan druids
  Pikel (D:9)
  7 bog bodies
  A lindwurm (Lair:5)
  A spectral hydra (Swamp:4)
  A necromancer (Gauntlet)
  7 elephants
  A centaur zombie (D:11)
  A manticore (Lair:4)
  3 will-o-the-wisps
  2 smoke demons
  10 black mambas
  A torpor snail (Lair:5)
  37 cane toads
  An unseen horror (D:11)
  Psyche (D:9)
  A hellwing (Abyss:3)
  6 swamp worm zombies (Swamp:4)
  7 rime drakes
  2 kobold demonologists
  16 komodo dragons
  A merfolk (D:11)
  2 hydra zombies (Swamp:4)
  3 bloated husks
  3 hornets
  A polar bear (Lair:6)
  3 trolls
  Grinder (D:4)
  31 blink frogs
  10 tyrant leeches
  2 alligator zombies (Swamp:4)
  3 raiju (Abyss:3)
  7 dream sheep (Lair:3)
  A shadow (D:11)
  Sigmund (D:4)
  5 wraiths
  44 yaks
  10 wyverns
  12 basilisks
  2 steam dragons
  Menkaure (D:6)
  10 vampire mosquitoes
  An acid dragon (D:9)
  16 swamp worms
  19 water moccasins
  10 black bears
  A swamp drake (Swamp:3)
  4 orc warriors
  2 ice beasts
  2 swamp dragon zombies (Swamp:4)
  7 centaurs
  20 wolves
  3 phantoms
  2 kobold brigands
  30 bullfrogs
  2 wyvern zombies
  2 small abominations
  2 scorpions
  7 wights
  35 killer bees
  6 electric eels
  The ghost of ytrimaz the Insei, a weakling OpTm (D:3)
  A crimson imp (D:5)
  A bullfrog zombie (D:5)
  7 orc priests
  3 hounds
  5 jellies
  A bullfrog skeleton (D:5)
  4 iguanas
  4 orc wizards
  6 hell rats
  A hound zombie (D:5)
  4 gnolls (D:2)
  6 adders
  A howler monkey skeleton (D:5)
  A swamp drake zombie (Swamp:4)
  2 shadow imps (Gauntlet)
  A white imp (D:5)
  An ufetubus (D:6)
  3 worms
  4 dart slugs
  32 orcs
  8 endoplasms
  8 giant cockroaches
  7 goblins
  10 hobgoblins
  2 jackals (D:4)
  A quokka (D:1)
  8 ball pythons
  6 bats
  3 frilled lizards
  14 kobolds
  5 rats
673 creatures vanquished.

Vanquished Creatures (collateral kills)
  A death yak (Lair:5)
  2 elephants (Lair:5)
  A hydra zombie (Swamp:4)
  3 yaks (Lair:5)
  A wraith (Lair:6)
  A swamp dragon zombie (Swamp:4)
  A phantom (Swamp:4)
10 creatures vanquished.

Vanquished Creatures (others)
  2 bloated husks
  A tyrant leech (Swamp:2)
  A spectral swamp dragon (Swamp:4)
  A spectral swamp drake (Swamp:4)
  3 bushes (Lair:4)
  8 foxfires (Swamp:2)
  74 fungi
  154 plants
  24 withered plants (Gauntlet)
268 creatures vanquished.

Grand Total: 951 creatures vanquished

Notes
Turn   | Place    | Note
-------+----------+-------------------------------------------
     0 | D:1      | ALWAYSlose the Demonspawn Berserker began the quest for the
                  | Orb.
     0 | D:1      | Reached XP level 1. HP: 18/18 MP: 1/1
     2 | D:1      | Noticed a vampire
     2 | D:1      | Noticed a ghoul
     4 | D:1      | Noticed a human
     4 | D:1      | Noticed a troll
     6 | D:1      | Noticed a spriggan
     8 | D:1      | Noticed a formicid
     8 | D:1      | Noticed an ogre
    10 | D:1      | Noticed a demonspawn
    12 | D:1      | Noticed a demigod
    12 | D:1      | Noticed an elf
    14 | D:1      | Noticed a naga
    19 | D:1      | Noticed a draconian
    19 | D:1      | Noticed a felid
    21 | D:1      | Noticed a merfolk
    21 | D:1      | Noticed a vine stalker
    23 | D:1      | Noticed a minotaur
    23 | D:1      | Noticed an octopode
    25 | D:1      | Noticed a dwarf
    25 | D:1      | Noticed a tengu
    27 | D:1      | Noticed a gargoyle
   228 | D:1      | Found a faded altar of an unknown god.
   360 | D:1      | Gained mutation: You regenerate a little health from kills.
                  | [demonic ancestry]
   360 | D:1      | Reached XP level 2. HP: 15/24 MP: 2/2
  1180 | D:1      | Reached XP level 3. HP: 10/29 MP: 3/3
  1513 | D:2      | Reached XP level 4. HP: 27/35 MP: 4/4
  1885 | D:2      | You fall into a shaft and drop 1 floor!
  2191 | D:3      | Found a runed translucent gate.
  2192 | D:3      | Found a runed translucent gate.
  2197 | D:3      | Found an opulent altar of Gozag.
  2199 | D:3      | Found a runed translucent gate.
  2200 | D:3      | Noticed ytrimaz's ghost (weakling OpTm)
  2305 | D:3      | Reached ** piety under Trog
  2464 | D:3      | Found a shimmering blue altar of Sif Muna.
  2525 | D:3      | Found a snail-covered altar of Cheibriados.
  2546 | D:3      | Found an ancient bone altar of Kikubaaqudgha.
  2738 | D:3      | Reached skill level 1 in Maces & Flails
  2738 | D:3      | Reached XP level 5. HP: 42/42 MP: 5/5
  2744 | D:3      | Reached skill level 4 in Fighting
  3150 | D:3      | Killed ytrimaz's ghost
  3251 | D:4      | Noticed a phantom
  3256 | D:4      | Noticed Sigmund
  3519 | D:2      | Gained mutation: Your touch may inflict minor irresistible
                  | damage on your foes. [demonic ancestry]
  3519 | D:2      | Reached XP level 6. HP: 48/48 MP: 6/6
  3911 | D:4      | Killed Sigmund
  3977 | D:4      | Noticed Grinder
  3980 | D:4      | Paralysed by Grinder for 2 turns
  3989 | D:4      | Killed Grinder
  3990 | D:4      | Reached XP level 7. HP: 54/54 MP: 7/7
  4200 | D:4      | Found Papriuc's Assorted Antiques.
  4208 | D:4      | Bought a scroll labelled CUH COSAURHEOW for 24 gold pieces
  4208 | D:4      | Bought a scroll labelled RIOQOA RIPNI for 24 gold pieces
  4208 | D:4      | Bought a scroll labelled BUMIDYUN KEUT for 24 gold pieces
  4291 | D:4      | Found a staircase to the Ecumenical Temple.
  4396 | D:4      | Reached skill level 5 in Maces & Flails
  4637 | D:5      | Entered Level 5 of the Dungeon
  4641 | D:5      | Found Emeforau's Antique Weapon Boutique.
  4648 | D:5      | Gained mutation: Your touch may inflict irresistible damage
                  | on your foes. [demonic ancestry]
  4648 | D:5      | Reached XP level 8. HP: 45/60 MP: 8/8
  5117 | D:5      | Reached *** piety under Trog
  5504 | D:5      | Reached skill level 5 in Fighting
  5937 | D:6      | Reached skill level 6 in Fighting
  6116 | D:6      | Noticed Menkaure
  6125 | D:6      | Killed Menkaure
  6126 | D:6      | Reached skill level 7 in Fighting
  6636 | D:6      | Reached skill level 8 in Fighting
  6772 | D:6      | Gained mutation: Your movements are slightly less
                  | encumbered by armour. (ER -2) [demonic ancestry]
  6772 | D:6      | Reached XP level 9. HP: 74/74 MP: 9/9
  6950 | D:6      | Found a blossoming altar of Fedhas.
  7139 | D:4      | Bought a fine chain mail for 228 gold pieces
  7139 | D:4      | Identified the +3 chain mail of Veehamu {rC++ Dex+6} (You
                  | bought it in a shop on level 4 of the Dungeon)
  7266 | D:7      | Reached skill level 9 in Fighting
  7445 | D:7      | Found a shadowy altar of Dithmenos.
  7471 | D:7      | Reached skill level 10 in Fighting
  8326 | D:8      | Reached **** piety under Trog
  8327 | D:8      | Reached skill level 11 in Fighting
  8494 | D:8      | Found Qoips's Antique Armour Emporium.
  8502 | D:8      | Bought a glowing helmet for 202 gold pieces
  8606 | D:8      | Gained mutation: You may rarely emit foul miasma when
                  | damaged in melee. [demonic ancestry]
  8606 | D:8      | Reached XP level 10. HP: 89/89 MP: 10/10
  8625 | D:8      | Reached skill level 12 in Fighting
  8936 | D:8      | Found a sacrificial altar of Ru.
  9608 | D:9      | Noticed Pikel
  9618 | D:9      | Killed Pikel
  9678 | D:9      | Reached skill level 13 in Fighting
  9885 | D:9      | Found an ornate altar of the Wu Jian Council.
  9929 | D:9      | Noticed Psyche
  9940 | D:9      | Killed Psyche
 10435 | D:10     | Entered Level 10 of the Dungeon
 10718 | D:10     | Reached skill level 14 in Fighting
 10838 | D:10     | Reached XP level 11. HP: 101/101 MP: 11/11
 10838 | D:10     | Found a staircase to the Lair.
 10887 | D:10     | Found Ufakkeqa's Jewellery Boutique.
 10994 | D:10     | Identified the +8 plate armour of the Kettle-Drum {rC+
                  | Dex+3 Slay+2 Stlth-}
 11033 | D:10     | Noticed Urug
 11042 | D:10     | Killed Urug
 11262 | D:10     | Noticed Erolcha
 11275 | D:10     | Cast into level 2 of the Abyss (Erolcha)
 11315 | Abyss:3  | Reached skill level 15 in Fighting
 11508 | Abyss:3  | Noticed a tentacled monstrosity
 11535 | Abyss:3  | Killed a tentacled monstrosity
 11608 | Abyss:3  | Paralysed by an air elemental for 1 turns
 11609 | Abyss:3  | Noticed a thrashing horror
 11610 | Abyss:3  | Noticed a rakshasa
 11612 | Abyss:3  | Noticed a fire crab
 11613 | Abyss:3  | Paralysed by an air elemental for 1 turns
 11616 | Abyss:3  | Noticed a starcursed mass
 11681 | Abyss:4  | Reached skill level 16 in Fighting
 11682 | Abyss:4  | Noticed a spatial maelstrom
 11696 | Abyss:4  | Killed a spatial maelstrom
 11699 | D:10     | Escaped the Abyss
 11714 | D:10     | Killed Erolcha
 12294 | D:11     | Noticed a centaur warrior
 12304 | D:11     | Killed a centaur warrior
 12325 | D:11     | Reached skill level 17 in Fighting
 12378 | D:11     | Noticed a four-headed hydra
 12392 | D:11     | Killed a four-headed hydra
 12529 | D:11     | Gained mutation: You regenerate health from kills. [demonic
                  | ancestry]
 12529 | D:11     | Reached XP level 12. HP: 111/114 MP: 12/12
 12599 | D:11     | Noticed a two-headed ogre
 13040 | D:11     | Found a staircase to the Orcish Mines.
 13178 | D:11     | Noticed a two-headed ogre
 13184 | D:11     | Killed a two-headed ogre
 13210 | D:11     | Reached skill level 18 in Fighting
 13584 | D:11     | Killed a two-headed ogre
 13741 | Lair:1   | Entered Level 1 of the Lair of Beasts
 13885 | Lair:1   | Reached skill level 19 in Fighting
 13890 | Lair:1   | Noticed a six-headed hydra
 13896 | Lair:1   | Killed a six-headed hydra
 13928 | Lair:1   | Identified a scroll of acquirement
 13929 | Lair:1   | Acquired 722 gold pieces
 13980 | Lair:1   | Found a gate leading to a gauntlet.
 13989 | Gauntlet | Entered a Gauntlet
 13989 | Gauntlet | Found a transporter.
 13989 | Gauntlet | Found a transporter.
 13993 | Gauntlet | Noticed a death scarab
 13994 | Gauntlet | Found a transporter.
 14009 | Gauntlet | Found a transporter.
 14025 | Gauntlet | Found a transporter.
 14038 | Gauntlet | Found a transporter.
 14057 | Gauntlet | Noticed a great orb of eyes
 14123 | Gauntlet | Found a transporter.
 14138 | Gauntlet | Found a transporter.
 14154 | Gauntlet | Found a transporter.
 14167 | Gauntlet | Found a transporter.
 14172 | Gauntlet | Noticed a green death
 14256 | Gauntlet | Found a transporter.
 14268 | Gauntlet | Found a transporter.
 14275 | Gauntlet | Found a transporter.
 14277 | Gauntlet | Found a transporter.
 14277 | Gauntlet | Found a transporter.
 14301 | Gauntlet | Found a transporter.
 14500 | Gauntlet | Killed a green death
 14555 | Gauntlet | Noticed a minotaur
 14581 | Gauntlet | Killed a minotaur
 14909 | Lair:1   | Reached XP level 13. HP: 118/127 MP: 13/13
 14939 | Lair:1   | Reached skill level 20 in Fighting
 15654 | Lair:2   | Noticed Nergalle
 15664 | Lair:2   | Killed Nergalle
 15836 | Lair:2   | Acquired a manual of Polearms
 16009 | Lair:2   | Reached skill level 5 in Armour
 16009 | Lair:2   | Reached skill level 5 in Dodging
 16139 | Lair:2   | Gained mutation: Your muscles are strong. (Str +2) [potion
                  | of mutation]
 16771 | Lair:2   | Reached ***** piety under Trog
 17338 | Lair:3   | Got the Disquisition on Mutagenic Dislocation
 17872 | Lair:3   | Received a gift from Trog
 17925 | Lair:3   | Gained mutation: Your touch may irresistibly damage your
                  | foes and sap their willpower. [demonic ancestry]
 17925 | Lair:3   | Reached XP level 14. HP: 135/135 MP: 14/14
 18045 | Lair:3   | Found a staircase to the Swamp.
 18100 | Lair:3   | Found a hole to the Spider Nest.
 20142 | Lair:4   | Found the +8 whip "Snakebite" {venom, curare, rPois}
 20775 | Lair:5   | Reached skill level 10 in Armour
 20795 | Lair:5   | Reached skill level 10 in Dodging
 22125 | Lair:6   | Entered Level 6 of the Lair of Beasts
 22385 | Lair:6   | Found a runed translucent door.
 22386 | Lair:6   | Found a viscous altar of Jiyva.
 22387 | Lair:6   | Found a staircase to the Slime Pits.
 22560 | Lair:6   | Gained mutation: Your magical and physical power is
                  | slightly enhanced at high health. [demonic ancestry]
 22560 | Lair:6   | Reached XP level 15. HP: 93/141 MP: 15/15
 22683 | Lair:6   | Received a gift from Trog
 23092 | Lair:6   | Noticed Josephine
 23106 | Lair:6   | Killed Josephine
 23185 | Lair:6   | Found the +7 mace of Variability {chain chaos}
 23200 | Lair:6   | Identified the amulet of Twilight {Acrobat +Inv Str+2
                  | Int+4}
 23641 | Swamp:1  | Entered Level 1 of the Swamp
 23824 | Swamp:1  | Reached skill level 1 in Evocations
 24041 | Swamp:1  | Acquired a manual of Maces & Flails
 24794 | Swamp:2  | Identified the ring "Jeapauph" {rF++ rN++ Dex+6 Stlth+}
 25334 | Swamp:3  | Received a gift from Trog
 25335 | Swamp:3  | Reached skill level 10 in Maces & Flails
 25788 | Swamp:3  | Found the +7 captain's cutlass {speed, disarm}
 25907 | Swamp:4  | Entered Level 4 of the Swamp
 25921 | Swamp:4  | Gained mutation: You sometimes emit foul miasma when
                  | damaged in melee. [demonic ancestry]
 25921 | Swamp:4  | Reached XP level 16. HP: 145/145 MP: 16/16
 25929 | Swamp:4  | Reached skill level 5 in Evocations
 25948 | Swamp:4  | Noticed a thorn hunter
 26104 | Swamp:4  | Killed a thorn hunter
 26261 | Swamp:4  | Noticed Bai Suzhen
 26268 | Swamp:4  | Noticed Mlioglotl
 26270 | Swamp:4  | Killed Bai Suzhen
 26281 | Swamp:4  | Noticed an ancient lich
 26287 | Swamp:4  | Noticed a tentacled starspawn
 26287 | Swamp:4  | Killed Mlioglotl
 26635 | Swamp:4  | Noticed Mara
 26668 | Swamp:4  | Noticed ALWAYSlose's illusion
 26673 | Swamp:4  | Mangled by ALWAYSlose's illusion (illusionary)

Illustrated notes

Levels and vault maps discovered:
D:1:      kb_arrival_jail, layout_loops_ring, chequers_ecumenical_altar_simple,
          serial_glass, glass_columns_a, glass_columns_a
D:2:      layout_loops_cross, roderic_roman_lattice, grunt_decor_junction
D:3:      layout_basic, elyvilon_altar_3, nicolae_overflow_quartered_altars,
          ebering_ghost_gozag, minmay_cupped
D:4:      layout_cave_pools, minmay_temple_entry_stoned_glass, serial_shops,
          shop, mrwooster_statue_mirror, uniq_sigmund, uniq_grinder
D:5:      layout_basic, serial_shops, shop, minmay_fire_ice_demons
D:6:      layout_basic, fedhas_altar_2, uniq_menkaure
D:7:      layout_rooms, lemuel_doored_altar
D:8:      kennysheep_spiral_hall, layout_basic, mainiacjoe_overflow_chevrons,
          serial_shops, shop
D:9:      layout_layer_cave, mainiacjoe_overflow_paths, uniq_pikel, uniq_psyche
D:10:     layout_basic, due_lair_maze_entry_diamond,
          minmay_shop_enchanted_jewellery, kennysheep_another_room,
          ebering_dispersal_statue_hall, uniq_urug, uniq_erolcha
D:11:     layout_rooms, orc_0_dummy, hangedman_fish_farm
D:12:     gammafunk_indiana_jones, layout_basic, gammafunk_ghost_smash
Lair:1:   layout_layer_cave, gauntlet_entry_generic,
          chequers_serial_rivers_room_a
Lair:2:   nzn_winding_woodlands_stair_cross [nzn_winding_woodlands_5x15_cabin,
          nzn_winding_woodlands_center_garden,
          nzn_winding_woodlands_5x15_longhouse,
          nzn_winding_woodlands_5x5_perimeter,
          nzn_winding_woodlands_5x5_open_star,
          nzn_winding_woodlands_5x15_river_crossing,
          nzn_winding_woodlands_center_lodge,
          nzn_winding_woodlands_5x15_pathside_ponds], layout_big_grid,
          uniq_nergalle
Lair:3:   wad_woods_minihive, layout_regular_city, palyth_hydra_swamp_entry,
          dummy_spider_entry
Lair:4:   layout_hall_layers, special_room [special_room_mythical_zoo]
Lair:5:   cheibrodos_lair_overgrown_chateau, layout_loops_ring,
          serial_bayou_shore_b
Lair:6:   minmay_lair_end_frog_pond, layout_big_grid, slime_altar_2,
          kennysheep_basilisk_garden, infiniplex_staircase_pool, uniq_josephine
Swamp:1:  layout_basic_swamp, serial_swamp_ruin, evilmike_swamp_ruin_house_1,
          evilmike_swamp_ruin_house_4
Swamp:2:  layout_falls_marsh, nicolae_swamp_godswood,
          infiniplex_staircase_pool_2
Swamp:3:  nicolae_swamp_ascending_descending_big, layout_falls_marsh,
          nicolae_swamp_fairy_circle
Swamp:4:  swamp_pestilence, layout_basic_swamp, uniq_bai_suzhen, uniq_mara,
          uniq_mlioglotl, uniq_roxanne

Skill      XL: |  1  2  3  4  5  6  7  8  9 10 11 12 13 14 15 16 |
---------------+-------------------------------------------------+-----
Armour         | 2 3 4 8 10 12 | 12.0
Dodging        | 2 3 4 8 10 12 | 12.0
Long Blades    | 3 |  3.2
Maces & Flails | 1 4 5 6 7 10 13 | 13.3
Fighting       | 4 8 11 14 17 19 20 | 20.0
Evocations     | 4 6 |  6.0

Action                   |  1- 3 |  4- 6 |  7- 9 | 10-12 | 13-15 | 16-18 || total
-------------------------+-------+-------+-------+-------+-------+-------++-------
Melee: Falchion          |    99 |     3 |       |       |       |       ||   102
       Whip              |       |   142 |   347 |   643 |  1319 |       ||  2451
       Touch             |       |     6 |    63 |   152 |   421 |    36 ||   678
       Eveningstar       |       |       |       |       |   359 |   144 ||   503
Throw: Dart              |       |       |       |     3 |       |       ||     3
Invok: Berserk           |     1 |     6 |     7 |    18 |    26 |     3 ||    61
       Trog's Hand       |       |     2 |     1 |     3 |     4 |       ||    10
       Brothers in Arms  |       |       |       |       |     2 |     2 ||     4
Evoke: Wand              |       |       |     1 |       |       |       ||     1
  Use: Potion            |       |       |       |     7 |     3 |     1 ||    11
       Scroll            |       |       |       |    19 |     8 |       ||    27
 Stab: Sleeping          |     1 |       |       |       |       |       ||     1
       Invisible         |       |       |       |       |     1 |       ||     1
       Distracted        |       |       |       |       |       |     2 ||     2
Armor: Leather armour    |     7 |       |       |       |       |       ||     7
       Ring mail         |    24 |    42 |    74 |       |       |       ||   140
       Chain mail        |       |       |    91 |   137 |       |       ||   228
       Plate armour      |       |       |       |   379 |  1400 |   231 ||  2010
Dodge: Dodged            |    79 |    70 |   216 |   277 |  1278 |   261 ||  2181

Table legend: (Time is in decaauts)
 A = Elapsed time spent in this place.
 B = Non-inter-level travel time spent in this place.
 C = Inter-level travel time spent in this place.
 D = Time resting spent in this place.
 E = Time spent auto-exploring this place.
 F = Levels seen in this place.
 G = Mean time per level.
                   A        B        C        D        E       F      G
               +--------+--------+--------+--------+--------+-----+--------+
         Total |  26890 |  25897 |    993 |   3209 |  17794 |  26 | 1034.2 |
       Dungeon |  13397 |  12825 |    572 |   1247 |   9725 |  12 | 1116.4 |
          Lair |   9103 |   8775 |    328 |   1321 |   5366 |   6 | 1517.2 |
         Swamp |   3186 |   3093 |     93 |    341 |   2153 |   4 |  796.5 |
         Abyss |    428 |    428 |      0 |    232 |     55 |   3 |  142.7 |
      Gauntlet |    774 |    774 |      0 |     66 |    494 |   1 |  774.0 |
               +--------+--------+--------+--------+--------+-----+--------+

Top non-repeatable levels by time:
  Lair:5: 2132 daAuts
  Lair:3: 2072 daAuts
  Lair:2: 1560 daAuts
     D:3: 1471 daAuts
     D:9: 1397 daAuts
    D:10: 1383 daAuts
     D:5: 1295 daAuts
     D:1: 1280 daAuts
  Lair:6: 1223 daAuts
    D:11: 1212 daAuts
     D:8: 1185 daAuts
     D:6: 1183 daAuts
     D:2: 1164 daAuts
  Lair:1: 1151 daAuts
  Lair:4: 963 daAuts
